 Dungeon Crawl Stone Soup version 0.27.1-1-g398f81649c (webtiles) character file.

Game seed: 12190850306345408904

27 HammerPanzer the Magician (level 2, -1/20 HPs)
             Began as a Draconian Hedge Wizard on Sept 7, 2021.
             Slain by a phantom (6 damage)
             ... on level 2 of the Dungeon.
             The game lasted 00:04:21 (1614 turns).

HammerPanzer the Magician (Draconian Hedge Wizard)  Turns: 1614, Time: 00:04:22

Health: -1/20      AC:  4    Str: 18    XL:     2   Next: 93%
Magic:  1/6        EV: 12    Int: 14    God:
Gold:   32         SH:  0    Dex: 10    Spells: 6/7 levels left

rFire    . . .     SeeInvis .   e - +0 mace
rCold    . . .     Faith    .   (no shield)
rNeg     . . .     Spirit   .   (armour unavailable)
rPois    .         Reflect  .   b - +0 hat
rElec    .         Harm     .   (no cloak)
rCorr    .         Rampage  .   (no gloves)
Will     .....                  (no boots)
Stlth    ++........             (no amulet)
HPRegen  0.06/turn              g - +6 ring of strength
MPRegen  0.10/turn              (no ring)

@: no status effects
A: AC +4, unfitting armour, cold-blooded
a: no special abilities


You were on level 2 of the Dungeon.
You visited 1 branch of the dungeon, and saw 2 of its levels.

You collected 32 gold pieces.

Inventory:

Hand Weapons
 a - a +0 dagger
 e - a +0 mace (weapon)
Armour
 b - a +0 hat (worn)
Jewellery
 g - a +6 ring of strength (left hand)
Scrolls
 d - a scroll of identify {unknown}
Potions
 c - a potion of lignification {unknown}
 f - a potion of invisibility {unknown}
 h - a potion of heal wounds {unknown}


   Skills:
 + Level 0.0 Maces & Flails
 + Level 2.1 Dodging
 + Level 2.0 Stealth
 + Level 3.2 Spellcasting
 + Level 1.4 Conjurations
 + Level 1.4 Summonings
 + Level 1.3 Translocations


You had 6 spell levels left.
You knew the following spells:

 Your Spells              Type           Power      Damage    Failure   Level
a - Magic Dart            Conj           24%        1d4       12%         1

Your spell library contained the following spells:

 Spells                   Type           Power      Damage    Failure   Level
 Call Imp                 Summ           6%         N/A       17%         2
 Blink                    Tloc           N/A        N/A       19%         2
 Corona                   Hex            2%         N/A       22%         1
 Ensorcelled Hibernation  Hex/Ice        4%         N/A       32%         2
 Slow                     Hex            2%         N/A       32%         2
 Conjure Flame            Conj/Fire      4%         6-21      43%         3
 Mephitic Cloud           Conj/Pois/Air  3%         N/A       45%         3
 Tukima's Dance           Hex            2%         N/A       54%         3


Dungeon Overview and Level Annotations

Branches:
Dungeon (2/15)

Altars:


Innate Abilities, Weirdness & Mutations

Your plain brown scales are hard. (AC +4)
You cannot fit into any form of body armour.
You are cold-blooded and may be slowed by cold attacks.


Message History

The phantom is lightly damaged.
The phantom hits you. x2
You hit the phantom.
The phantom is moderately damaged.
The phantom hits you.
You closely miss the phantom.
Your tail-slap misses the phantom.
The phantom is moderately damaged.
The phantom closely misses you. The phantom hits you.
Aiming: Magic Dart (safe; 12% risk of failure)
Press: ? - help, Q - select action Shift-Dir - straight line, f - phantom
Aim: a phantom (moderately damaged, 100% to hit)
The magic dart hits the phantom.
The phantom is heavily damaged.
The phantom hits you.
Aiming: Magic Dart (safe; 12% risk of failure)
Press: ? - help, Q - select action Shift-Dir - straight line, f/p - phantom
Aim: a phantom (heavily damaged, 100% to hit)
The magic dart hits the phantom but does no damage.
The phantom is heavily damaged.
The phantom hits you but does no damage.
Aiming: Magic Dart (safe; 12% risk of failure)
Press: ? - help, Q - select action Shift-Dir - straight line, f/p - phantom
Aim: a phantom (heavily damaged, 100% to hit)
The magic dart hits the phantom.
The phantom is heavily damaged.
The phantom barely misses you.
Aiming: Magic Dart (safe; 12% risk of failure)
Press: ? - help, Q - select action Shift-Dir - straight line, f/p - phantom
Aim: a phantom (heavily damaged, 100% to hit)
The magic dart hits the phantom.
The phantom is severely damaged.
The phantom hits you.
* * * LOW HITPOINT WARNING * * *
Aiming: Magic Dart (safe; 12% risk of failure)
Press: ? - help, Q - select action Shift-Dir - straight line, f/p - phantom
Aim: a phantom (severely damaged, 100% to hit)
The magic dart hits the phantom.
The phantom is severely damaged.
The phantom hits you.
You die...

#......†.....#.#
#............# #
#....##.######
#....##.######
####............
#...........####
###...........#
#......!......#
#.@...........#
#W./..........#
#.............#
#.............#
#.....#########
#.....# #.....#
#.....#


You could see a phantom.

Vanquished Creatures
  A dart slug (D:1)
  An endoplasm (D:1)
  2 giant cockroaches (D:1)
  2 goblins (D:1)
  3 hobgoblins (D:1)
  A quokka (D:1)
  3 ball pythons
  3 bats
  3 frilled lizards (D:1)
  A kobold (D:1)
  6 rats
26 creatures vanquished.

Notes
Turn   | Place    | Note
-------+----------+-------------------------------------------
     0 | D:1      | HammerPanzer the Draconian Hedge Wizard began the quest for
                  | the Orb.
     0 | D:1      | Reached XP level 1. HP: 14/14 MP: 4/4
   470 | D:1      | Reached XP level 2. HP: 18/20 MP: 6/6
  1601 | D:2      | Noticed a phantom
  1614 | D:2      | Slain by a phantom

Illustrated notes

Levels and vault maps discovered:
D:1:      onia_arrival_mini_spirals, layout_basic
D:2:      layout_basic

Skill      XL: |  1  2 |
---------------+-------+-----
Stealth        | 2 |  2.0
Dodging        | 2 |  2.1
Spellcasting   | |  3.2
Conjurations   | |  1.4
Summonings     | |  1.4
Translocations | |  1.3

Action                   || total
-------------------------++-------
Melee: Dagger            ||    57
       Tailslap          ||     7
       Mace              ||     9
 Cast: Magic Dart        ||    22
 Stab: Sleeping          ||     5
Armor: Skin              ||    13
Dodge: Dodged            ||    42
